HSSL
MARIS SCHOOL MARINERS @ BUTLER HS GOLDEN TORNADO
04/23/2030
 
TOP OF THE 1ST
Maris School Mariners batting - Pitching for Butler HS Golden Tornado : RHP Burt Taylor
Pitching: RHP Burt Taylor
Batting: RHB Dusty Pope 0-0: Ball
1-0: Swinging Strike
1-1: Called Strike
1-2: Strikes out looking
Batting: LHB Michael Rodríguez 0-0: Called Strike
0-1: Ball
1-1: Ball
2-1: Called Strike
2-2: Ball
3-2: Base on Balls
Batting: RHB Grant Reynolds 0-0: Ball
1-0: Ball
2-0: SINGLE (Flyball, 89S)
Michael Rodríguez to second
Batting: LHB Dave Booth 0-0: Ball
1-0: Swinging Strike
1-1: Ball
2-1: Swinging Strike
2-2: Ball
3-2: Fielders Choice at 2nd, 3-6 (Groundball, 3)
Michael Rodríguez to third
Batting: SHB Rob Nelson 0-0: Ball
1-0: DOUBLE (Flyball, 89D)
Michael Rodríguez scores
Dave Booth to third
Batting: RHB John Verville 0-0: Swinging Strike
0-1: Ball
1-1: Foul Ball, location: 2F
1-2: Ball
2-2: Ball
3-2: Base on Balls
Batting: LHB Carl Spaeth 0-0: Ball
1-0: Ball
2-0: Foul Ball, location: 2F
2-1: Foul Ball, location: 2F
2-2: Single, Error in OF, E7, batter to second base
Dave Booth scores
Rob Nelson scores
John Verville to third
Batting: RHB Ed Lovett 0-0: Ball
Wild Pitch!
John Verville scores
Carl Spaeth to third
1-0: Swinging Strike
1-1: Fly out, F8 (Flyball, 78XD)
Top of the 1st over - 4 runs, 3 hits, 1 error, 1 left on base; Maris School 4 - Butler HS 0
BOTTOM OF THE 1ST
Butler HS Golden Tornado batting - Pitching for Maris School Mariners : RHP Jerome Smith
Pitching: RHP Jerome Smith
Batting: LHB Chris Powell 0-0: Ball
1-0: Called Strike
1-1: Ball
2-1: Ground out 4-3 (Groundball, 4)
Batting: RHB Luis Mota 0-0: Ball
1-0: Foul Ball, location: 2F
1-1: Called Strike
1-2: Ball
2-2: Ball
3-2: Foul Ball, location: 2F
3-2: Foul Ball, location: 2F
3-2: Base on Balls
Batting: LHB Francisco Sousa 0-0: Called Strike
0-1: Called Strike
0-2: Ball
1-2: Ball
2-2: Ball
3-2: Fly out, F8 (Flyball, 78D)
Batting: RHB Blake Carpenter 0-0: Swinging Strike
0-1: Called Strike
0-2: Foul Ball, location: 2F
0-2: Ball
1-2: Foul Ball, location: 2F
1-2: Foul Ball, location: 2F
1-2: Foul Ball, location: 2F
1-2: Ball
2-2: Foul Ball, location: 2F
2-2: Ball
3-2: Strikes out swinging
Bottom of the 1st over - 0 runs, 0 hits, 0 errors, 1 left on base; Maris School 4 - Butler HS 0
TOP OF THE 2ND
Maris School Mariners batting - Pitching for Butler HS Golden Tornado : RHP Burt Taylor
Batting: RHB Ray O'Larly 0-0: Called Strike
0-1: Swinging Strike
0-2: Ball
1-2: Ball
2-2: Strikes out swinging
Batting: RHB Dusty Pope 0-0: Called Strike
0-1: Foul Ball, location: 2F
0-2: Ball
1-2: SINGLE (Popup, 23F)
Batting: LHB Michael Rodríguez 0-0: Called Strike
0-1: Ball
1-1: Foul Ball, location: 2F
1-2: Foul Ball, location: 2F
1-2: Strikes out looking
Pitching: LHP Carlos Ramírez
Batting: RHB Grant Reynolds 0-0: 2-RUN HOME RUN (Flyball, 78XD), Distance : 426 ft
Batting: LHB Dave Booth 0-0: Ball
1-0: Foul Ball, location: 2F
1-1: Foul Ball, location: 2F
1-2: Ball
2-2: Ball
3-2: Foul Ball, location: 2F
3-2: Base on Balls
Batting: SHB Rob Nelson 0-0: Ball
1-0: Foul Ball, location: 2F
1-1: Ball
2-1: Ball
3-1: Foul Ball, location: 2F
3-2: Foul Ball, location: 2F
3-2: Strikes out swinging
Top of the 2nd over - 2 runs, 2 hits, 0 errors, 1 left on base; Maris School 6 - Butler HS 0
BOTTOM OF THE 2ND
Butler HS Golden Tornado batting - Pitching for Maris School Mariners : RHP Jerome Smith
Batting: RHB Gary Estes 0-0: Ball
1-0: Ball
2-0: Foul Ball, location: 2F
2-1: SINGLE (Groundball, 34D)
Batting: LHB Arturo Ruíz 0-0: Called Strike
0-1: Ball
1-1: Swinging Strike
1-2: Foul Ball, location: 2F
1-2: Strikes out looking
Batting: RHB Miguel Gómes 0-0: Fly out, F9 (Flyball, 9)
Batting: SHB Domingo Ávila 0-0: Called Strike
0-1: Swinging Strike
0-2: Ball
1-2: Ball
2-2: Ball
3-2: Strikes out swinging
Bottom of the 2nd over - 0 runs, 1 hit, 0 errors, 1 left on base; Maris School 6 - Butler HS 0
TOP OF THE 3RD
Maris School Mariners batting - Pitching for Butler HS Golden Tornado : LHP Carlos Ramírez
Batting: RHB John Verville 0-0: Called Strike
0-1: Foul Ball, location: 2F
0-2: Ground out 6-3 (Groundball, 6)
Batting: LHB Carl Spaeth 0-0: Foul Ball, location: 2F
0-1: Ball
1-1: Called Strike
1-2: Fly out, F5 (Popup, 15)
Batting: RHB Ed Lovett 0-0: Ball
1-0: Foul Ball, location: 2F
1-1: Swinging Strike
1-2: SOLO HOME RUN (Flyball, 7LD), Distance : 352 ft
Batting: RHB Ray O'Larly 0-0: Called Strike
0-1: Ball
1-1: Fly out, F9 (Flyball, 9S)
Top of the 3rd over - 1 run, 1 hit, 0 errors, 0 left on base; Maris School 7 - Butler HS 0
BOTTOM OF THE 3RD
Butler HS Golden Tornado batting - Pitching for Maris School Mariners : RHP Jerome Smith
Batting: RHB Michael Edmonds 0-0: Ball
1-0: Ball
2-0: Ball
3-0: Called Strike
3-1: Base on Balls
Batting: LHB Chris Powell 0-0: Ball
1-0: Called Strike
1-1: Ball
2-1: SINGLE (Groundball, 34) (infield hit)
Michael Edmonds to second
Batting: RHB Luis Mota 0-0: Swinging Strike
0-1: Foul Ball, location: 2F
0-2: Ball
1-2: Strikes out swinging
Batting: LHB Francisco Sousa 0-0: Ball
1-0: Called Strike
1-1: Ball
2-1: Ball
3-1: SINGLE (Groundball, 56D)
Michael Edmonds to third
Chris Powell to second
Runner from 3rd tries for Home, SAFE, no throw
Batting: RHB Blake Carpenter 0-0: Ball
1-0: Ball
2-0: Ball
3-0: Foul Ball, location: 2F
3-1: Base on Balls
Chris Powell to third
Francisco Sousa to second
Batting: RHB Gary Estes 0-0: Hit by Pitch
Chris Powell scores
Francisco Sousa to third
Blake Carpenter to second
Batting: LHB Arturo Ruíz 0-0: Ball
1-0: Ball
2-0: Ball
3-0: Called Strike
3-1: SINGLE (Groundball, 4S) (infield hit)
Francisco Sousa scores
Blake Carpenter to third
Gary Estes to second
Batting: RHB Miguel Gómes 0-0: Called Strike
0-1: Ball
1-1: Swinging Strike
1-2: SINGLE (Groundball, 34D)
Blake Carpenter scores
Gary Estes to third
Arturo Ruíz to second
Runner from 3rd tries for Home, SAFE, no throw
Batting: SHB Domingo Ávila 0-0: Ball
1-0: Called Strike
1-1: Foul Ball, location: 2F
1-2: Ball
2-2: SINGLE (Flyball, 3D)
Arturo Ruíz to third
Miguel Gómes to second
Runner from 3rd tries for Home, SAFE, no throw
Pitching: RHP Marc Parker
Batting: RHB Michael Edmonds 0-0: Ball
1-0: Swinging Strike
1-1: Foul Ball, location: 2F
1-2: Ball
2-2: Ball
3-2: Base on Balls
Miguel Gómes to third
Domingo Ávila to second
Batting: LHB Chris Powell 0-0: Ball
1-0: Foul Ball, location: 2F
1-1: Called Strike
1-2: Ball
2-2: Ball
3-2: Foul Ball, location: 2F
3-2: Base on Balls
Miguel Gómes scores
Domingo Ávila to third
Michael Edmonds to second
Batting: RHB Luis Mota 0-0: Ball
1-0: Foul Ball, location: 2F
1-1: Fly out, F7 (Flyball, 78M)
Runner from 3rd tags up, OUT at HOME
Bottom of the 3rd over - 7 runs, 5 hits, 0 errors, 2 left on base; Maris School 7 - Butler HS 7
TOP OF THE 4TH
Maris School Mariners batting - Pitching for Butler HS Golden Tornado : LHP Carlos Ramírez
Batting: RHB Dusty Pope 0-0: Called Strike
0-1: Ball
1-1: Swinging Strike
1-2: Foul Ball, location: 2F
1-2: Fly out, F7 (Flyball, 7)
Batting: LHB Michael Rodríguez 0-0: TRIPLE (Flyball, 8RXD)
Batting: RHB Grant Reynolds 0-0: Ball
1-0: Fly out, F5 (Popup, 56)
Batting: LHB Dave Booth 0-0: Ball
1-0: Swinging Strike
1-1: Ball
2-1: Foul Ball, location: 2F
2-2: SINGLE (Line Drive, 34)
Michael Rodríguez scores
Batting: SHB Rob Nelson 0-0: Ball
1-0: Foul Ball, location: 2F
1-1: Fly out, F9 (Flyball, 9S)
Top of the 4th over - 1 run, 2 hits, 0 errors, 1 left on base; Maris School 8 - Butler HS 7
BOTTOM OF THE 4TH
Butler HS Golden Tornado batting - Pitching for Maris School Mariners : RHP Marc Parker
Batting: LHB Francisco Sousa 0-0: Called Strike
0-1: Foul Ball, location: 2F
0-2: Ball
1-2: SOLO HOME RUN (Flyball, 78XD), Distance : 439 ft
Batting: RHB Blake Carpenter 0-0: Swinging Strike
0-1: Ground out 1-3 (Groundball, 15S)
Batting: RHB Gary Estes 0-0: Called Strike
0-1: SINGLE (Line Drive, 9S)
Batting: LHB Arturo Ruíz 0-0: Ball
1-0: Ball
2-0: Called Strike
2-1: Swinging Strike
2-2: Ball
3-2: Base on Balls
Gary Estes to second
Batting: RHB Miguel Gómes 0-0: Ball
1-0: Ball
2-0: Ball
3-0: Base on Balls
Gary Estes to third
Arturo Ruíz to second
Batting: SHB Domingo Ávila 0-0: Called Strike
0-1: Called Strike
0-2: SINGLE (Groundball, 34D)
Gary Estes scores
Arturo Ruíz to third
Miguel Gómes to second
Runner from 3rd tries for Home, SAFE, throw made home
Batting: RHB Michael Edmonds 0-0: Swinging Strike
0-1: Single, Error in OF, E7, batter to second base
Miguel Gómes scores
Domingo Ávila to third
Batting: LHB Chris Powell 0-0: Foul Ball, location: 2F
0-1: Foul Ball, location: 2F
0-2: Foul Ball, location: 2F
0-2: Ground out 4-3 (Groundball, 34D)
Domingo Ávila scores
Michael Edmonds to third
Batting: RHB Luis Mota 0-0: Called Strike
0-1: Ball
1-1: Ball
2-1: Fly out, F9 (Flyball, 9D)
Bottom of the 4th over - 5 runs, 4 hits, 1 error, 1 left on base; Maris School 8 - Butler HS 12
TOP OF THE 5TH
Maris School Mariners batting - Pitching for Butler HS Golden Tornado : LHP Carlos Ramírez
Batting: RHB John Verville 0-0: Called Strike
0-1: Called Strike
0-2: Ball
1-2: Ground out 1-3 (Groundball, 13)
Batting: LHB Carl Spaeth 0-0: Ball
1-0: Foul Ball, location: 2F
1-1: Swinging Strike
1-2: Ball
2-2: Ball
3-2: Ground out 4-3 (Groundball, 4)
Batting: RHB Ed Lovett 0-0: Ball
1-0: SINGLE (Line Drive, 56)
Batting: RHB Ray O'Larly 0-0: Ball
1-0: Fly out, F4 (Line Drive, 4)
Top of the 5th over - 0 runs, 1 hit, 0 errors, 1 left on base; Maris School 8 - Butler HS 12
BOTTOM OF THE 5TH
Butler HS Golden Tornado batting - Pitching for Maris School Mariners : RHP Marc Parker
Batting: LHB Francisco Sousa 0-0: Called Strike
0-1: Ball
1-1: DOUBLE (Flyball, 8RXD)
Batting: RHB Blake Carpenter 0-0: Ball
1-0: Called Strike
1-1: Ground out 1-3 (Groundball, 13S)
Francisco Sousa to third
Batting: RHB Gary Estes 0-0: Fly out, F9 (Flyball, 9)
Runner from 3rd tags up, OUT at HOME
Bottom of the 5th over - 0 runs, 1 hit, 0 errors, 0 left on base; Maris School 8 - Butler HS 12
TOP OF THE 6TH
Maris School Mariners batting - Pitching for Butler HS Golden Tornado : LHP Carlos Ramírez
Pitching: RHP Luis Morán
Batting: RHB Dusty Pope 0-0: Foul Ball, location: 2F
0-1: Called Strike
0-2: Strikes out swinging
Batting: LHB Michael Rodríguez 0-0: Foul Ball, location: 2F
0-1: Called Strike
0-2: Foul Ball, location: 2F
0-2: Foul Ball, location: 2F
0-2: SINGLE (Flyball, 89S)
Batting: RHB Grant Reynolds 0-0: Ball
1-0: Fly out, F8 (Flyball, 8RS)
Batting: LHB Dave Booth 0-0: DOUBLE (Flyball, 78D)
Michael Rodríguez to third
Batting: SHB Rob Nelson 0-0: Called Strike
0-1: Swinging Strike
0-2: Ball
1-2: Foul Ball, location: 2F
1-2: Ball
2-2: Ground out 4-3 (Groundball, 4)
Top of the 6th over - 0 runs, 2 hits, 0 errors, 2 left on base; Maris School 8 - Butler HS 12
BOTTOM OF THE 6TH
Butler HS Golden Tornado batting - Pitching for Maris School Mariners : RHP Marc Parker
Pitching: RHP Clarence Sykes
Batting: LHB Arturo Ruíz 0-0: Ball
1-0: Swinging Strike
1-1: Foul Ball, location: 2F
1-2: Foul Ball, location: 2F
1-2: Foul Ball, location: 2F
1-2: Ball
2-2: Ground out 3-1 (Groundball, 34)
Batting: RHB Miguel Gómes 0-0: Fly out, F9 (Flyball, 9S)
Batting: SHB Domingo Ávila 0-0: Called Strike
0-1: Ground out 4-3 (Groundball, 4)
Bottom of the 6th over - 0 runs, 0 hits, 0 errors, 0 left on base; Maris School 8 - Butler HS 12
TOP OF THE 7TH
Maris School Mariners batting - Pitching for Butler HS Golden Tornado : RHP Luis Morán
Batting: RHB John Verville 0-0: Called Strike
0-1: Swinging Strike
0-2: SINGLE (Line Drive, 78M)
Batting: LHB Carl Spaeth 0-0: Called Strike
0-1: Ball
1-1: Ball
2-1: Ball
3-1: Fly out, F5 (Popup, 56S)
Batting: RHB Ed Lovett 0-0: Called Strike
0-1: Called Strike
0-2: Ball
1-2: Foul Ball, location: 2F
1-2: Ball
2-2: Ball
3-2: Strikes out looking
Batting: RHB Ray O'Larly 0-0: Called Strike
0-1: Foul Ball, location: 2F
0-2: Ball
1-2: SINGLE (Groundball, 56D)
John Verville to second
Batting: RHB Dusty Pope 0-0: Ball
1-0: Foul Ball, location: 2F
1-1: Ball
2-1: Ball
3-1: Base on Balls
John Verville to third
Ray O'Larly to second
Batting: LHB Michael Rodríguez 0-0: Ball
1-0: Fly out, F1 (Line Drive, 13)
Top of the 7th over - 0 runs, 2 hits, 0 errors, 3 left on base; Maris School 8 - Butler HS 12
BOTTOM OF THE 7TH
Butler HS Golden Tornado batting - Pitching for Maris School Mariners : RHP Clarence Sykes
Batting: RHB Michael Edmonds 0-0: Ball
1-0: Called Strike
1-1: Ground out 6-3 (Groundball, 6)
Batting: LHB Chris Powell 0-0: SINGLE (Line Drive, 34D)
Batting: RHB Luis Mota 0-0: Called Strike
Chris Powell steals 2nd base
0-1: Ground out 6-3 (Groundball, 6)
Batting: LHB Francisco Sousa 0-0: Ball
1-0: Ball
2-0: Ball
3-0: Base on Balls
Batting: RHB Blake Carpenter 0-0: Ball
1-0: Called Strike
1-1: Swinging Strike
1-2: Foul Ball, location: 2F
1-2: Strikes out swinging
Bottom of the 7th over - 0 runs, 1 hit, 0 errors, 2 left on base; Maris School 8 - Butler HS 12
TOP OF THE 8TH
Maris School Mariners batting - Pitching for Butler HS Golden Tornado : RHP Luis Morán
Batting: RHB Grant Reynolds 0-0: Ball
1-0: Ball
2-0: Ball
3-0: Base on Balls
Batting: LHB Dave Booth 0-0: Ball
1-0: Swinging Strike
1-1: Ball
2-1: Ball
3-1: Base on Balls
Grant Reynolds to second
Batting: SHB Rob Nelson 0-0: Ball
1-0: Swinging Strike
1-1: Ball
2-1: Foul Ball, location: 2F
2-2: Ball
3-2: Base on Balls
Grant Reynolds to third
Dave Booth to second
Pitching: LHP Jeremy Howe
Batting: RHB John Verville 0-0: Called Strike
0-1: Foul Ball, location: 2F
0-2: Ball
1-2: DOUBLE (Flyball, 8RD)
Grant Reynolds scores
Dave Booth scores
Rob Nelson to third
Batting: LHB Carl Spaeth 0-0: Called Strike
0-1: Ball
1-1: Ball
2-1: Fly out, F6 (Popup, 6D)
Batting: RHB Ed Lovett 0-0: Ball
1-0: Called Strike
1-1: Called Strike
1-2: Foul Ball, location: 2F
1-2: Ball
2-2: Strikes out swinging
Batting: RHB Ray O'Larly 0-0: Called Strike
0-1: 3-RUN HOME RUN (Flyball, 7LD), Distance : 371 ft
Batting: RHB Dusty Pope 0-0: Called Strike
0-1: Ball
1-1: Ball
2-1: Called Strike
2-2: Strikes out swinging
Top of the 8th over - 5 runs, 2 hits, 0 errors, 0 left on base; Maris School 13 - Butler HS 12
BOTTOM OF THE 8TH
Butler HS Golden Tornado batting - Pitching for Maris School Mariners : RHP Clarence Sykes
Now in LF: Miguel Martínez
Batting: RHB Gary Estes 0-0: Foul Ball, location: 2F
0-1: Fly out, F5 (Line Drive, 5)
Batting: LHB Arturo Ruíz 0-0: Ball
1-0: Called Strike
1-1: Swinging Strike
1-2: SINGLE (Line Drive, 4M)
Batting: RHB Miguel Gómes 0-0: Ball
1-0: Ball
2-0: Ball
3-0: Called Strike
3-1: Base on Balls
Arturo Ruíz to second
Pitching: LHP Mike Barry
Batting: SHB Domingo Ávila 0-0: Ball
1-0: Foul Ball, location: 2F
1-1: Foul Ball, location: 2F
1-2: Ball
2-2: Ground out 5-3 (Groundball, 56S)
Arturo Ruíz to third
Miguel Gómes to second
Pinch Hitting: SHB Víctor Ortíz 0-0: Ball
1-0: Ball
2-0: Ball
3-0: Base on Balls
Batting: LHB Chris Powell 0-0: Ball
1-0: Fly out, F8 (Flyball, 8RM)
Bottom of the 8th over - 0 runs, 1 hit, 0 errors, 3 left on base; Maris School 13 - Butler HS 12
TOP OF THE 9TH
Maris School Mariners batting - Pitching for Butler HS Golden Tornado : LHP Jeremy Howe
Now at 2B: Ernie Saunders
Batting: LHB Michael Rodríguez 0-0: Ball
1-0: Called Strike
1-1: Foul Ball, location: 2F
1-2: Foul Ball, location: 2F
1-2: Ball
2-2: Foul Ball, location: 2F
2-2: SOLO HOME RUN (Line Drive, 9LD), Distance : 364 ft
Pitching: LHP Michael Carroll
Batting: RHB Grant Reynolds 0-0: Ball
1-0: Reached on error, E5 (Groundball, 56)
Batting: LHB Dave Booth 0-0: Called Strike
0-1: Ball
1-1: Foul Ball, location: 2F
1-2: Fly out, F8 (Flyball, 8RXD)
Batting: SHB Rob Nelson 0-0: Ball
1-0: Ball
2-0: Ball
3-0: Base on Balls
Grant Reynolds to second
Batting: RHB John Verville 0-0: Called Strike
0-1: Foul Ball, location: 2F
0-2: SINGLE (Groundball, 34D)
Grant Reynolds to third
Rob Nelson to second
Batting: LHB Carl Spaeth 0-0: DOUBLE (Line Drive, 7LS)
Grant Reynolds scores
Rob Nelson scores
John Verville to third
Batting: RHB Ed Lovett 0-0: Intentional Walk
Batting: LHB Miguel Martínez 0-0: Ball
1-0: Foul Ball, location: 2F
1-1: SINGLE (Line Drive, 8RS)
John Verville scores
Carl Spaeth to third
Ed Lovett to second
Batting: RHB Dusty Pope 0-0: Called Strike
0-1: Foul Ball, location: 2F
0-2: Ball
1-2: Foul Ball, location: 2F
1-2: Ball
2-2: DOUBLE (Line Drive, 7LM)
Carl Spaeth scores
Ed Lovett scores
Miguel Martínez to third
Batting: LHB Michael Rodríguez 0-0: Foul Ball, location: 2F
0-1: Ball
1-1: Called Strike
1-2: Foul Ball, location: 2F
1-2: Ball
2-2: Ground out 1-3 (Groundball, P)
Batting: RHB Grant Reynolds 0-0: Ball
1-0: Ball
2-0: DOUBLE (Line Drive, 7D)
Miguel Martínez scores
Dusty Pope scores
Batting: LHB Dave Booth 0-0: Ball
1-0: Called Strike
1-1: Ball
2-1: Foul Ball, location: 2F
2-2: Foul Ball, location: 2F
2-2: Ball
3-2: Fly out, F8 (Flyball, 8LM)
Top of the 9th over - 8 runs, 6 hits, 1 error, 1 left on base; Maris School 21 - Butler HS 12
BOTTOM OF THE 9TH
Butler HS Golden Tornado batting - Pitching for Maris School Mariners : LHP Mike Barry
Batting: RHB Luis Mota 0-0: Foul Ball, location: 2F
0-1: Ball
1-1: SINGLE (Line Drive, 6)
Batting: LHB Francisco Sousa 0-0: Foul Ball, location: 2F
0-1: Ball
1-1: Grounds into double play, 6-4-3 (Groundball, 6)
Batting: RHB Blake Carpenter 0-0: Ball
1-0: Called Strike
1-1: Called Strike
1-2: Foul Ball, location: 2F
1-2: SINGLE (Line Drive, 56D)
Batting: RHB Gary Estes 0-0: Swinging Strike
0-1: Ball
1-1: Fly out, F8 (Flyball, 8LM)
Bottom of the 9th over - 0 runs, 2 hits, 0 errors, 1 left on base; Maris School 21 - Butler HS 12
Saturday, April 7th, 2018 - OOTP Baseball 18.8 Build 76